 Dungeon Sprint DCSS version 0.31-a0-702-gf82c85558f (webtiles) character file.

Game seed: 14753691666879316468

53 sircluck the Ruffian (level 3, 0/39 HPs)
             Began as a Troll Berserker on Sept 8, 2023.
             Was a Priest of Trog.
             Slain by an orc wizard
             ... wielding a +0 dagger
              (3 damage)
             ... in the Dungeon (Sprint VII: "The Pits").
             The game lasted 00:00:19 (171 turns).

sircluck the Ruffian (Troll Berserker)               Turns: 171, Time: 00:00:20

Health: 0/39       AC:  4    Str: 27    XL:     3   Next: 64%
Magic:  2/2        EV: 10    Int:  3    God:    Trog [***...]
Gold:   0          SH:  0    Dex:  9    Spells: 2/2 levels left

rFire   . .          .
                       - Unarmed
rCold   . . .        (no shield)
rNeg    . . .        a - +0 animal skin
rPois   .            (helmet restricted)
rElec   .            (no cloak)
rCorr   .            (gloves unavailable)
SInv    .            (boots unavailable)
Will    .....        (no amulet)
Stlth   +            (no ring)
HPRegen 1.06/turn    (no ring)
MPRegen 0.08/turn

%: no teleportation
@: confused
A: large, unfitting armour, claws 3, regeneration 1, shaggy fur 1, tough skin 1
a: Renounce Religion, Berserk, Trog's Hand


You were in the Dungeon.
You worshipped Trog.
Trog was most pleased with you.
You visited 1 branch

Inventory:

Armour
 a - a +0 animal skin (worn)
Scrolls
 g - a scroll of blinking
 i - 2 scrolls of vulnerability
 j - a scroll of butterflies
Potions
 b - 6 potions of curing
 c - 6 potions of heal wounds
 d - a potion of haste
 e - 4 potions of magic
 f - 3 potions of berserk rage
 h - 2 potions of invisibility


   Skills:
 + Level 4.2 Fighting
 + Level 4.2 Dodging
 + Level 5.1 Unarmed Combat


You had 2 spell levels left.
You didn't know any spells.
Your spell library was empty.

Dungeon Overview and Level Annotations

Branches:
Dungeon (1/1)

Altars:
Cheibriados
Dithmenos
Elyvilon
Fedhas
Gozag
Hepliaklqana
Makhleb
Nemelex Xobeh
Okawaru
Qazlal
Ru
Sif Muna
Trog
Wu Jian
Xom
Yredelemnul
Zin
The Shining One
Jiyva


Innate Abilities, Weirdness & Mutations

You are too large for most types of armour.
You have claws for hands.
Your natural rate of healing is unusually fast.
You are covered in fur. (AC +1)
You have tough skin. (AC +1)


Message History

You barely miss the orc wizard.
The orc wizard is heavily wounded.
The orc wizard hits you with a +0 dagger.
You barely miss the orc wizard.
The orc wizard is heavily wounded.
The orc wizard hits you with a +0 dagger.
The orc priest invokes the aid of Beogh against you.
Beogh smites you!
You miss the orc wizard.
The orc wizard is heavily wounded.
The orc wizard barely misses you.
The orc priest miscasts a cantrip.
You closely miss the orc wizard.
The orc wizard is heavily wounded.
The orc wizard hits you but does no damage.
You feel less confused.
The orc priest calls down the wrath of Beogh upon you.
Beogh smites you!
* * * LOW HITPOINT WARNING * * *
There is an open door here.
You closely miss the orc wizard.
The orc wizard is heavily wounded.
The orc wizard closely misses you.
You miss the orc wizard.
The orc wizard is heavily wounded.
The orc wizard points at you and mumbles some strange words.
You are confused.
The orc priest calls down the wrath of Beogh upon you.
Beogh smites you!
* * * LOW HITPOINT WARNING * * *
You closely miss the orc wizard.
The orc wizard is heavily wounded.
The orc wizard hits you but does no damage.
You bump into the metal wall.
The orc wizard hits you with a +0 dagger.
* * * LOW HITPOINT WARNING * * *
You miss the orc wizard.
The orc wizard is heavily wounded.
The orc wizard hits you with a +0 dagger.
You die...

#########
_______.#
_______.#
_____...#######
##########'##.....
#.?(.')))'.##.....
##########.##.....
#...........'.....
#@#####'#####.....
#o#.....#..##.....
#Z#.....#))#####'#
#o###'###))##.....
#o#.†...#))##.....
#r#.....#[[##.....
#.####'##'###...<.
#.#...†....##.....
#.#.).†....##.....


You could see an orc priest, an orc wizard, an orc, a rat and a bat skeleton.

Vanquished Creatures
  An iguana (D)
  2 adders (D)
  An orc (D)
  A giant cockroach (D)
  A hobgoblin (D)
  A quokka (D)
  A ball python (D)
  A giant cockroach zombie (D)
  A kobold (D)
10 creatures vanquished.

Notes
Turn   | Place    | Note
-------+----------+-------------------------------------------
     0 | D        | sircluck the Troll Berserker began the quest for the Orb.
     0 | D        | Reached XP level 1. HP: 22/22 MP: 0/0
    18 | D        | Reached XP level 2. HP: 31/31 MP: 1/1
    44 | D        | Found a bloodstained altar of Trog.
    44 | D        | Found a shimmering blue altar of Sif Muna.
    44 | D        | Found a viscous altar of Jiyva.
    44 | D        | Found a hazy altar of Hepliaklqana.
    44 | D        | Found an opulent altar of Gozag.
    45 | D        | Found a glowing golden altar of the Shining One.
    45 | D        | Found a glowing silver altar of Zin.
    45 | D        | Found a basalt altar of Yredelemnul.
    45 | D        | Found a shimmering altar of Xom.
    45 | D        | Found an ornate altar of the Wu Jian Council.
    45 | D        | Found a sacrificial altar of Ru.
    45 | D        | Found a stormy altar of Qazlal.
    45 | D        | Found an iron altar of Okawaru.
    45 | D        | Found a sparkling altar of Nemelex Xobeh.
    45 | D        | Found a burning altar of Makhleb.
    45 | D        | Found a blossoming altar of Fedhas.
    45 | D        | Found a white marble altar of Elyvilon.
    45 | D        | Found a shadowy altar of Dithmenos.
    45 | D        | Found a snail-covered altar of Cheibriados.
    58 | D        | Reached skill level 4 in Unarmed Combat
    59 | D        | Reached ** piety under Trog
    90 | D        | Reached *** piety under Trog
    91 | D        | Reached skill level 5 in Unarmed Combat
    91 | D        | Reached XP level 3. HP: 27/39 MP: 2/2
   168 | D        | HP: 1/39 [orc priest/divine providence (9)]
   171 | D        | Slain by an orc wizard

Illustrated notes

Levels and vault maps discovered:
D:        pitsprint [storerooms_1, entrance_room_1, metal_vault_2, armoury_3,
          mini_pit_1, grid_room_1, main_hall_1, silver_pit, the_coven_3,
          the_vestibule_1, steel_vault_4, golden_pit, hallway_of_sentries,
          crystal_vault_4, iron_vault_1, final_vault]

Skill      XL: |  1  2 |
---------------+-------+-----
Fighting       | 3 4 |  4.2
Dodging        | 3 4 |  4.2
Unarmed Combat | 5 |  5.1

Action                     || total
---------------------------++-------
  Melee: Unarmed           ||    36
         Punch             ||     2
 Armour: Animal skin       ||    25
  Dodge: Dodged            ||    24

Table legend: (Time is in decaauts)
 A = Elapsed time spent in this place.
 B = Non-inter-level travel time spent in this place.
 C = Inter-level travel time spent in this place.
 D = Time resting spent in this place.
 E = Time spent auto-exploring this place.
 F = Levels seen in this place.
 G = Mean time per level.
                   A        B        C        D        E       F      G
               +--------+--------+--------+--------+--------+-----+--------+
         Total |    168 |    168 |      0 |      0 |     65 |   1 |  168.0 |
       Dungeon |    168 |    168 |      0 |      0 |     65 |   1 |  168.0 |
               +--------+--------+--------+--------+--------+-----+--------+

Top non-repeatable levels by time:
       D: 168 daAuts
